 Dungeon Crawl Stone Soup version 0.29-a0-474-gdfe5cd140f (webtiles) character file.

Game seed: 7593521652399462502

956 YayAnonymity the Shield-Bearer (level 8, -10/67 HPs)
             Began as a Gnoll Fighter on May 24, 2022.
             Mangled by Menkaure (20 damage)
             ... on level 4 of the Dungeon.
             The game lasted 00:07:46 (5187 turns).

YayAnonymity the Shield-Bearer (Gnoll Fighter)      Turns: 5187, Time: 00:07:46

Health: -10/67     AC: 11    Str: 18    XL:     8   Next: 14%
Magic:  12/12      EV:  7    Int:  7    God:
Gold:   230        SH: 11    Dex: 12    Spells: 13/13 levels left

rFire   . . .      SeeInvis +   a - +1 trident
rCold   . . .      Faith    .   q - +1 kite shield
rNeg    . . .      Spirit   .   h - +0 chain mail
rPois   .          Reflect  .   m - +0 helmet
rElec   .          Harm     .   (no cloak)
rCorr   .          Rampage  .   (no gloves)
Will    .....                   (no boots)
Stlth   ..........              (no amulet)
HPRegen 0.21/turn               r - ring of see invisible
MPRegen 0.13/turn               (no ring)

@: no status effects
A: fangs 1, strong nose, distributed training
a: no special abilities


You were on level 4 of the Dungeon.
You visited 1 branch of the dungeon, and saw 5 of its levels.

You collected 230 gold pieces.

Inventory:

Hand Weapons
 a - a +1 trident (weapon)
Armour
 h - a +0 chain mail (worn)
 m - a +0 helmet (worn)
 q - a +1 kite shield (worn)
Jewellery
 r - a ring of see invisible (left hand)
Wands
 s - a wand of acid (13)
 t - a wand of digging (3)
Scrolls
 d - a scroll of enchant weapon
 i - 3 scrolls of teleportation
 j - a scroll of fog
Potions
 b - a potion of mutation
 c - a potion of brilliance
 f - a potion of cancellation
 g - a potion of haste
 k - a potion of flight


   Skills:
 + Level 7.2 Fighting
 + Level 3.0 Short Blades
 + Level 3.0 Long Blades
 + Level 3.0 Axes
 + Level 3.0 Maces & Flails
 + Level 5.5 Polearms
 + Level 3.0 Staves
 + Level 3.0 Slings
 + Level 3.0 Bows
 + Level 3.0 Crossbows
 + Level 3.0 Throwing
 + Level 7.2 Armour
 + Level 3.0 Dodging
 + Level 3.0 Stealth
 + Level 7.2 Shields
 + Level 3.0 Unarmed Combat
 + Level 3.0 Spellcasting
 + Level 2.4 Conjurations
 + Level 2.4 Hexes
 + Level 2.4 Summonings
 + Level 2.4 Necromancy
 + Level 2.4 Translocations
 + Level 2.4 Transmutations
 + Level 2.4 Fire Magic
 + Level 2.4 Ice Magic
 + Level 2.4 Air Magic
 + Level 2.4 Earth Magic
 + Level 2.4 Poison Magic
 + Level 3.3 Invocations
 + Level 3.0 Evocations


You had 13 spell levels left.
You didn't know any spells.
Your spell library contained the following spells:

 Spells                   Type           Power      Damage    Failure   Level
 Magic Dart               Conj           16%        1d3       98%         1
 Searing Ray              Conj           8%         2d4       99%         2
 Fulminant Prism          Conj/Hex       2%         3d6       100%        4


Dungeon Overview and Level Annotations

Branches:
Dungeon (5/15)
 Temple: D:4-7

Altars:

Annotations:
D:4 Eustachio, Menkaure


Innate Abilities, Weirdness & Mutations

You have very sharp teeth.
Your uncanny sense of smell can sniff out nearby items.
Your experience applies equally to all skills.


Message History

Eustachio suddenly seems more resistant.
You barely miss Menkaure.
Eustachio gestures wildly while chanting.
Eustachio blinks!
Menkaure breathes soot at you. Menkaure hits you!
You are too injured to fight recklessly!
You are too injured to fight recklessly!
You are too injured to fight recklessly!
You are too injured to fight recklessly!
You are too injured to fight recklessly!
You barely miss Menkaure. You block Menkaure's attack. Menkaure hits you!
* * * LOW HITPOINT WARNING * * *
Eustachio mumbles some strange words.
You hit Menkaure but do no damage. Menkaure hits you.
* * * LOW HITPOINT WARNING * * *
The bat barely misses you. You block the river rat's attack.
You hit Menkaure.
Menkaure is lightly damaged.
The bat hits you but does no damage. You block Menkaure's attack.
The river rat bites you but does no damage.
You hit Menkaure. You bite Menkaure, but do no damage.
Menkaure is moderately damaged.
Menkaure hits you.
* * * LOW HITPOINT WARNING * * *
You block the bat's attack. The river rat bites you.
* * * LOW HITPOINT WARNING * * *
The bat barely misses you. Menkaure hits you but does no damage.
You puncture Menkaure!
Menkaure is heavily damaged.
The bat closely misses you. The river rat bites you.
* * * LOW HITPOINT WARNING * * *
Menkaure closely misses you.
You puncture Menkaure!
Menkaure is almost destroyed.
The bat hits you but does no damage. You block Menkaure's attack.
Eustachio yells, "Perjured traitor, DIE!"
Eustachio casts a spell.
You block the river rat's attack. Menkaure hits you!!
You die...

.... .... ######
#### ...
#....##...##.. ..
#. #....r@).....)
... #.
#..b.r#M......
...##.
###.....'@......
.....
##......###'###...
#..
#..#....##..r##...
∆ +..
#.##..........M...
##.
#.##.............
#.
#.##............
#. #.##....##...#
.....


You could see Eustachio (resistant), Menkaure (fast), 2 river rats, a quokka
(summoned) and a bat (summoned).

Vanquished Creatures
  Grinder (D:3)
  Sigmund (D:4)
  A water moccasin (D:5)
  A necrophage (D:4)
  A howler monkey (D:3)
  2 hounds
  An iguana (D:3)
  Natasha (thrice) (D:2)
  2 orc wizards (D:2)
  Robin (D:5)
  A gnoll (D:4)
  6 adders
  2 worms (D:4)
  2 dart slugs
  10 orcs
  8 ball pythons
  5 endoplasms
  3 giant cockroaches
  19 goblins
  4 hobgoblins
  4 jackals
  5 quokkas
  7 bats
  5 frilled lizards
  10 kobolds
  2 rats
107 creatures vanquished.

Notes
Turn   | Place    | Note
-------+----------+-------------------------------------------
     0 | D:1      | YayAnonymity the Gnoll Fighter began the quest for the Orb.
     0 | D:1      | Reached XP level 1. HP: 23/23 MP: 1/1
    99 | D:1      | Reached XP level 2. HP: 20/29 MP: 2/2
   513 | D:1      | Found a faded altar of an unknown god.
  1264 | D:2      | Reached XP level 3. HP: 35/35 MP: 3/3
  1433 | D:2      | Reached skill level 1 in Short Blades
  1433 | D:2      | Reached skill level 1 in Long Blades
  1433 | D:2      | Reached skill level 1 in Axes
  1433 | D:2      | Reached skill level 1 in Maces & Flails
  1433 | D:2      | Reached skill level 1 in Staves
  1433 | D:2      | Reached skill level 1 in Slings
  1433 | D:2      | Reached skill level 1 in Bows
  1433 | D:2      | Reached skill level 1 in Crossbows
  1433 | D:2      | Reached skill level 1 in Throwing
  1433 | D:2      | Reached skill level 1 in Dodging
  1433 | D:2      | Reached skill level 1 in Stealth
  1433 | D:2      | Reached skill level 1 in Unarmed Combat
  1433 | D:2      | Reached skill level 1 in Spellcasting
  1433 | D:2      | Reached skill level 1 in Invocations
  1433 | D:2      | Reached skill level 1 in Evocations
  1436 | D:2      | Reached XP level 4. HP: 10/41 MP: 5/5
  1711 | D:2      | Noticed Natasha
  1718 | D:2      | Killed Natasha
  1719 | D:2      | Reached skill level 1 in Conjurations
  1719 | D:2      | Reached skill level 1 in Hexes
  1719 | D:2      | Reached skill level 1 in Summonings
  1719 | D:2      | Reached skill level 1 in Necromancy
  1719 | D:2      | Reached skill level 1 in Translocations
  1719 | D:2      | Reached skill level 1 in Transmutations
  1719 | D:2      | Reached skill level 1 in Fire Magic
  1719 | D:2      | Reached skill level 1 in Ice Magic
  1719 | D:2      | Reached skill level 1 in Air Magic
  1719 | D:2      | Reached skill level 1 in Earth Magic
  1719 | D:2      | Reached skill level 1 in Poison Magic
  1720 | D:2      | Noticed Natasha
  1731 | D:2      | Killed Natasha
  1732 | D:2      | Reached XP level 5. HP: 40/47 MP: 5/7
  2315 | D:2      | Noticed Natasha
  2321 | D:2      | Killed Natasha
  2668 | D:3      | Noticed Grinder
  2679 | D:3      | Paralysed by Grinder for 2 turns
  2689 | D:3      | Paralysed by Grinder for 2 turns
  2693 | D:3      | Paralysed by Grinder for 4 turns
  2718 | D:3      | Killed Grinder
  2719 | D:3      | Reached skill level 5 in Polearms
  2719 | D:3      | Reached XP level 6. HP: 26/53 MP: 7/9
  3257 | D:3      | Reached XP level 7. HP: 45/59 MP: 10/10
  4152 | D:4      | Noticed Robin
  4173 | D:5      | Entered Level 5 of the Dungeon
  4461 | D:5      | Killed Robin
  4513 | D:4      | Noticed Eustachio
  4513 | D:4      | Noticed Sigmund
  4694 | D:4      | Killed Sigmund
  4695 | D:4      | Reached XP level 8. HP: 8/67 MP: 12/12
  5174 | D:4      | Noticed Menkaure
  5187 | D:4      | Mangled by Menkaure

Illustrated notes

Levels and vault maps discovered:
D:1:      dpeg_arrival_erosion, layout_basic,
          ebering_ecumenical_altar_sacrificial, minmay_misc_feat_enclosed,
          minmay_misc_feat_four_crosses, nicolae_figureground_pulse
D:2:      layout_loops_cross, kennysheep_generic_room_7, uniq_natasha
D:3:      layout_loops_ring, mrwooster_statue_mirror, uniq_grinder
D:4:      kennysheep_spiral_hall, layout_gridville, bh_walls_and_bars,
          uniq_menkaure, uniq_sigmund, uniq_robin, uniq_eustachio
D:5:      layout_basic

Skill      XL: |  1  2  3  4  5  6  7 |
---------------+----------------------+-----
Short Blades   | 1 2 3 |  3.0
Long Blades    | 1 2 3 |  3.0
Axes           | 1 2 3 |  3.0
Maces & Flails | 1 2 3 |  3.0
Staves         | 1 2 3 |  3.0
Slings         | 1 2 3 |  3.0
Bows           | 1 2 3 |  3.0
Crossbows      | 1 2 3 |  3.0
Throwing       | 1 2 3 |  3.0
Dodging        | 1 2 3 |  3.0
Stealth        | 1 2 3 |  3.0
Unarmed Combat | 1 2 3 |  3.0
Spellcasting   | 1 2 3 |  3.0
Invocations    | 1 2 3 |  3.3
Evocations     | 1 2 3 |  3.0
Conjurations   | 1 2 |  2.4
Hexes          | 1 2 |  2.4
Summonings     | 1 2 |  2.4
Necromancy     | 1 2 |  2.4
Translocations | 1 2 |  2.4
Transmutations | 1 2 |  2.4
Fire Magic     | 1 2 |  2.4
Ice Magic      | 1 2 |  2.4
Air Magic      | 1 2 |  2.4
Earth Magic    | 1 2 |  2.4
Poison Magic   | 1 2 |  2.4
Polearms       | 5 |  5.5
Fighting       | 7 |  7.2
Armour         | 7 |  7.2
Shields        | 7 |  7.2

Action                   |  1- 3 |  4- 6 |  7- 9 || total
-------------------------+-------+-------+-------++-------
Melee: Trident           |   115 |   130 |   185 ||   430
       Bite              |     8 |    13 |    18 ||    39
  Use: Scroll            |       |     6 |     9 ||    15
       Potion            |       |       |     5 ||     5
Armor: Scale mail        |    11 |       |       ||    11
       Chain mail        |    59 |    47 |   124 ||   230
Dodge: Dodged            |    23 |    30 |    64 ||   117
Block: Buckler           |    21 |     5 |       ||    26
       Kite shield       |       |    38 |   140 ||   178

Table legend: (Time is in decaauts)
 A = Elapsed time spent in this place.
 B = Non-inter-level travel time spent in this place.
 C = Inter-level travel time spent in this place.
 D = Time resting spent in this place.
 E = Time spent auto-exploring this place.
 F = Levels seen in this place.
 G = Mean time per level.
                   A        B        C        D        E       F      G
               +--------+--------+--------+--------+--------+-----+--------+
         Total |   5266 |   5160 |    106 |    832 |   3384 |   5 | 1053.2 |
       Dungeon |   5266 |   5160 |    106 |    832 |   3384 |   5 | 1053.2 |
               +--------+--------+--------+--------+--------+-----+--------+

Top non-repeatable levels by time:
     D:2: 1630 daAuts
     D:3: 1444 daAuts
     D:1: 1040 daAuts
     D:4: 799 daAuts
     D:5: 351 daAuts
